 Dungeon Crawl Stone Soup version 0.17-a0-2027-gcac42c4 (webtiles) character file.

4017 graki42 the Changer (level 10, 0/96 HPs)
             Began as a Naga Transmuter on Oct 10, 2015.
             Was a High Priest of Cheibriados.
             Shot with an arrow by a centaur (9 damage)
             ... on level 9 of the Dungeon.
             The game lasted 00:38:10 (9417 turns).

graki42 the Changer (Naga Transmuter)               Turns: 9417, Time: 00:38:11

Health: 0/96       AC: 11    Str: 25    XL:     10   Next: 23%
Magic:  14/14      EV: 15    Int: 25    God:    Cheibriados [*****.]
Gold:   558        SH:  0    Dex: 24    Spells: 3 memorised, 11 levels left

rFire  . . .     SeeInvis +       - Unarmed
rCold  . . .     Clarity  .     p - +2 robe {rN+}
rNeg   + + .     SustAt   .     (no shield)
rPois  +         Gourm    .     (no helmet)
rElec  .         Spirit   .     l - +0 cloak (curse)
rCorr  .         Warding  +     (no gloves)
rMut   .         Rnd*Tele +     (no barding)
MR     +....                    E - amulet of warding
Stlth  ++........               F - +5 ring of slaying
                                z - +4 ring of protection

@: confused, about to teleport, very slow, somewhat resistant to hostile
enchantments, unstealthy
A: stinger 1, see invisible, deformed body, low mp 2, poison resistance, robust
1, screaming 1, slowness 2, slow metabolism 1, spit poison 2, teleportitis 1, AC
+3
a: Spit Poison, Bend Time, Temporal Distortion, Slouch, Step From Time, Renounce
Religion


You were on level 9 of the Dungeon.
You worshipped Cheibriados.
Cheibriados was extremely pleased with you.
You were not hungry.

You visited 2 branches of the dungeon, and saw 10 of its levels.

You collected 558 gold pieces.

Inventory:

Missiles
 a - 102 arrows
 K - 22 arrows of flame
 N - 14 arrows of frost
Armour
 l - a cursed +0 cloak (worn)
 p - a +2 robe of positive energy (worn)
 P - a steam dragon hide
Rods
 I - a +1 rod of ignition (11/11)
   (You took it off an orc on level 7 of the Dungeon)
Jewellery
 e - an uncursed ring of fire
 f - an uncursed amulet of guardian spirit
 m - an uncursed amulet of stasis
 s - a +6 ring of intelligence
 z - a +4 ring of protection (left hand)
 A - an uncursed ring of teleportation
 E - an amulet of warding (around neck)
 F - a +5 ring of slaying (right hand)
Wands
 b - a wand of fireball (15)
 q - a wand of random effects (20)
 G - a wand of magic darts (21)
 H - a wand of digging (14)
 L - a wand of paralysis (7)
 M - a wand of paralysis (8)
Scrolls
 h - 2 scrolls of magic mapping
 k - 2 scrolls of blinking {unknown}
 n - a scroll of immolation {unknown}
 r - 2 scrolls of fog {unknown}
 t - 2 scrolls of remove curse
 v - 3 scrolls of teleportation
 w - 3 scrolls of enchant armour {unknown}
 x - 4 scrolls of noise {unknown}
 y - a scroll of recharging
 B - 2 scrolls of enchant weapon {unknown}
Potions
 o - a potion of brilliance {unknown}
 C - a potion of ambrosia
Books
 c - a book of Changes

   Spells                             Type                      Level
   a - Beastly Appendage              Transmutation                1
   b - Sticks to Snakes               Transmutation                2
   c - Spider Form                    Transmutation/Poison         3
   d - Ice Form                       Ice/Transmutation            4
   e - Blade Hands                    Transmutation                5
 D - a book of Hinderance

   Spells                             Type                      Level
   a - Confusing Touch                Hexes                        2
   b - Confuse                        Hexes                        3
   c - Gell's Gravitas                Hexes/Translocation          3
   d - Petrify                        Transmutation/Earth          4
   e - Metabolic Englaciation         Hexes/Ice                    5
Comestibles
 d - 7 bread rations
 i - 5 beef jerkies
 j - 4 meat rations
 u - 2 fruits
 J - 9 slices of pizza
 O - 2 chunks of flesh


   Skills:
 + Level 5.2 Fighting
 + Level 5.9 Dodging
 + Level 5.3 Stealth
 + Level 6.4 Unarmed Combat
 + Level 5.1 Spellcasting
 * Level 6.8 Transmutations
 * Level 1.6 Ice Magic
 + Level 4.8 Poison Magic


You had 11 spell levels left.
You knew the following spells:

 Your Spells              Type           Power        Failure   Level  Hunger
a - Beastly Appendage     Trmt           #####.       1%          1    None
b - Spider Form           Trmt/Pois      #####.....   1%          3    ##.....
c - Ice Form              Ice/Trmt       ####....     14%         4    ####...


Dungeon Overview and Level Annotations

Branches:
Dungeon (9/15)             Temple (1/1) D:4            Lair (0/8) D:8
    Orc: D:9-12

Altars:
Ashenzari
Cheibriados
Dithmenos
Elyvilon
Fedhas
Gozag
Kikubaaqudgha
Makhleb
Nemelex Xobeh
Okawaru
Qazlal
Ru
Sif Muna
Trog
Vehumet
Xom
Yredelemnul
Zin
The Shining One

Shops:
D:4 !   D:8 :


Innate Abilities, Weirdness & Mutations

You cannot wear boots.
Your serpentine skin is tough (AC +3).
You have supernaturally acute eyesight.
Armour fits poorly on your strangely shaped body.
Your system is resistant to poisons.
You cover ground very slowly.
You have a slow metabolism.
You can spit poison.
Your tail ends in a poisonous barb.
Your magical capacity is very low (-20% MP).
You are robust (+10% HP).
You occasionally shout uncontrollably at your foes.
You are occasionally teleported to nearby monsters.


Message History

The wasp stings you but does no damage.
The centaur shoots an arrow.
The arrow hits you.
* * * LOW HITPOINT WARNING * * *
You hear a splash.
The snapping turtle bites you from afar!
* * * LOW HITPOINT WARNING * * *
The wasp barely misses you.
Drink which item? (? for menu, Esc to quit)
You feel much better. The bat closely misses you.
The bat hits you but does no damage. The bat closely misses you.
The wasp stings you!
* * * LOW HITPOINT WARNING * * *
The snapping turtle closely misses you.
Drink which item? (? for menu, Esc to quit)
You are confused.
You feel invigorated. The bat hits you but does no damage.
The bat closely misses you. The wasp stings you.
* * * LOW HITPOINT WARNING * * *
The centaur shoots an arrow.
The arrow hits you!
You die...

### ..# ≈≈≈≈###≈≈≈≈≈≈ #.#
≈≈≈≈≈≈≈≈≈≈≈. ≈≈≈. #.#
≈#≈≈≈≈≈≈≈;c ≈≈≈≈b♣P.. #.#
≈≈#≈≈≈≈≈≈≈# ≈≈≈≈c≈...≈ #.#
≈≈≈≈≈≈≈≈≈≈####≈≈≈≈≈≈≈≈≈≈ #.#
≈≈≈≈≈≈t≈≈≈≈≈≈≈≈≈≈≈≈≈≈≈≈≈ #.#
≈≈≈≈≈≈≈y≈b≈≈≈≈≈≈≈≈≈≈≈≈≈≈ #.#
≈#≈≈≈@≈b≈≈≈≈≈≈## ≈≈≈≈ #.#
###≈≈#####≈≈≈≈≈≈≈≈# #≈≈
#.###≈≈####≈#≈#≈######≈# #.
###)..)...............# ##.
#.((..........#######.#######..
#(###########.# #..........#
###'### #.# #........###
......# #.# #........# ......#
#.# #........#


You could see a snapping turtle, a wasp, a centaur, an electric eel (wandering)
and 2 bats.

Vanquished Creatures
  Pikel (D:5)
  A troll (D:8)
  Sigmund (D:2)
  A yak (D:8)
  A human (D:8)
  A steam dragon (D:9)
  A hippogriff (D:7)
  3 iguanas
  A water moccasin (D:7)
  2 orc warriors
  A necrophage (D:6)
  2 sky beasts
  A centaur (D:6)
  2 scorpions
  4 killer bees (D:8)
  An electric eel (D:9)
  5 wights (D:6)
  A jelly (D:8)
  3 crimson imps
  3 giant frog zombies
  5 orc priests
  9 orc wizards
  7 worker ants
  2 hounds
  Natasha (thrice) (D:2)
  3 sheep (D:8)
  A hound zombie (D:7)
  A worker ant zombie (D:6)
  12 adders
  A shadow imp (D:8)
  A gnoll (D:8)
  A river rat (D:8)
  2 adder zombies (D:7)
  An ooze (D:1)
  An adder skeleton (D:8)
  7 worms
  7 giant geckos
  40 orcs
  6 bats
  10 giant cockroaches
  5 goblins
  11 hobgoblins
  6 jackals (D:5)
  2 quokkas
  A ball python (D:6)
  6 giant newts
  A jackal zombie (D:9)
  9 kobolds
  A quokka zombie (D:5)
  8 rats
206 creatures vanquished.

Vanquished Creatures (others)
  2 slaves (D:5)
  Blork the orc (D:5)
  An adder (D:5)
  3 orcs
  A jackal (D:5)
  2 fungi (D:8)
10 creatures vanquished.

Grand Total: 216 creatures vanquished

Notes
Turn   | Place    | Note
--------------------------------------------------------------
     0 | D:1      | graki42 the Naga Transmuter began the quest for the Orb.
     0 | D:1      | Reached XP level 1. HP: 18/18 MP: 3/3
   399 | D:1      | Reached XP level 2. HP: 18/25 MP: 3/5
   766 | D:1      | Reached XP level 3. HP: 23/31 MP: 1/6
   812 | D:1      | Learned a level 3 spell: Spider Form
  1094 | D:2      | Noticed Natasha
  1105 | D:2      | Killed Natasha
  1105 | D:2      | Reached skill level 1 in Poison Magic
  1105 | D:2      | Reached XP level 4. HP: 18/39 MP: 2/7
  1468 | D:2      | Noticed Sigmund
  1653 | D:2      | Noticed Natasha
  1658 | D:2      | Killed Natasha
  1809 | D:2      | Killed Sigmund
  1809 | D:2      | Reached skill level 4 in Unarmed Combat
  1809 | D:2      | Reached XP level 5. HP: 28/46 MP: 3/9
  1809 | D:2      | Reached XP level 6. HP: 33/55 MP: 3/10
  1903 | D:2      | Found a faded altar to an unknown god.
  2069 | D:2      | Noticed Natasha
  2079 | D:2      | Killed Natasha
  3628 | D:4      | Found Peshisy's Distillery.
  3642 | D:4      | Gained mutation: You are robust (+10% HP). [potion of mutation]
  3642 | D:4      | Gained mutation: Your tail ends in a poisonous barb. [potion of mutation]
  3642 | D:4      | Gained mutation: Your magical capacity is low (-10% MP). [potion of mutation]
  3802 | D:4      | Reached skill level 1 in Stealth
  3802 | D:4      | Reached XP level 7. HP: 44/67 MP: 6/10
  3992 | D:4      | Found a staircase to the Ecumenical Temple.
  3998 | Temple   | Entered the Ecumenical Temple
  4075 | Temple   | Became a worshipper of Cheibriados the Contemplative
  4659 | D:5      | Entered Level 5 of the Dungeon
  4666 | D:5      | Noticed Pikel
  4684 | D:5      | Killed Pikel
  4684 | D:5      | Reached XP level 8. HP: 22/75 MP: 1/12
  4810 | D:5      | Killed Blork the orc
  5050 | D:5      | Acquired Cheibriados's first power
  5591 | D:6      | Found an opulent altar of Gozag.
  5694 | D:6      | Reached skill level 5 in Unarmed Combat
  5707 | D:6      | Gained mutation: You occasionally shout uncontrollably at your foes. [mutagenic meat]
  5708 | D:6      | Gained mutation: Your magical capacity is very low (-20% MP). [mutagenic meat]
  5709 | D:6      | Gained mutation: You are occasionally teleported to nearby monsters. [mutagenic meat]
  6127 | D:6      | Reached skill level 5 in Transmutations
  6225 | D:6      | Reached XP level 9. HP: 50/85 MP: 8/12
  7516 | D:7      | Acquired Cheibriados's second power
  7570 | D:8      | Found a bloodstained altar of Trog.
  7590 | D:8      | Found Nofirib's Book Boutique.
  7593 | D:8      | Found a staircase to the Lair.
  7614 | D:8      | Reached skill level 5 in Dodging
  7804 | D:8      | Reached skill level 5 in Stealth
  7806 | D:8      | Reached skill level 6 in Transmutations
  8109 | D:8      | Acquired Cheibriados's third power
  8146 | D:8      | Found a deep blue altar of Sif Muna.
  8193 | D:8      | Reached skill level 5 in Spellcasting
  8194 | D:8      | Reached XP level 10. HP: 76/95 MP: 12/14
  8200 | D:8      | Reached skill level 5 in Fighting
  8296 | D:8      | Learned a level 4 spell: Ice Form
  8605 | D:8      | Found an iron altar of Okawaru.
  9213 | D:9      | Reached skill level 1 in Ice Magic
  9247 | D:9      | Acquired Cheibriados's fourth power
  9414 | D:9      | HP: 4/96 [snapping turtle (23)]
  9417 | D:9      | Shot with an arrow by a centaur

Vault maps used:
D:1:      lightli_arrival_flooded_house
D:2:      ecumenical_altar_1, first_bread, uniq_sigmund, uniq_natasha
D:4:      minmay_temple_entry_hall, serial_shops, shop
D:5:      uniq_pikel, uniq_blork_the_orc
D:6:      basic_altar
D:8:      okawaru_altar_gauntlet_db, due_lair_maze_entry_diamond, basic_altar,
          serial_shops, shop, grunt_livestock, trog_book
D:9:      wad_bat_island
Temple:   grunt_circular_temple_18

Action                   |  1- 3 |  4- 6 |  7- 9 | 10-12 || total
-------------------------+-------+-------+-------+-------++-------
Melee: Unarmed           |    90 |   190 |   281 |    87 ||   648
 Cast: Beastly Appendage |    17 |    25 |    21 |    11 ||    74
       Spider Form       |       |     8 |    15 |     1 ||    24
       Ice Form          |       |       |       |     1 ||     1
  Use: Scroll            |       |    10 |     2 |     1 ||    13
       Potion            |       |     1 |       |     3 ||     4
 Stab: Sleeping          |     2 |     1 |     6 |     1 ||    10
       Distracted        |       |       |     1 |       ||     1
  Eat: Chunk             |       |     8 |    16 |     3 ||    27
